 Dungeon Crawl Stone Soup version 0.30.0-29-ga12c61a403 (webtiles) character file.

Game seed: 2273258896698782023

69309 cdecastro the Warrior (level 14, -1/138 HPs)
             Began as a Pale Draconian Transmuter on June 21, 2023.
             Was the Champion of Wu Jian.
             Slain by a manticore (51 damage)
             ... on level 5 of the Lair of Beasts on June 22, 2023.
             The game lasted 01:31:55 (24033 turns).

cdecastro the Warrior (Pale Draconian Transmuter)  Turns: 24033, Time: 01:31:56

Health: -1/138     AC: 12    Str: 14      XL:     14   Next: 89%
Magic:  16/23      EV:  2    Int: 17 (18) God:    Wu Jian [******]
Gold:   668        SH:  0    Dex: 11      Spells: 4/25 levels left

rFire   + .          .
                       - Unarmed
rCold   . . .        (shield currently unavailable)
rNeg    . . .        (body armour unavailable)
rPois   +            L - +0 hat
rElec   .            Q - +1 cloak
rCorr   .            f - melded +0 pair of gloves
SInv    .            z - +1 pair of boots
Will    ++...        P - amulet "Desareiv" {Reflect Regen+ SH+5}
Stlth   +++          v - +5 ring of evasion
HPRegen 1.23/turn    y - ring of the Queen {rPois rF+ Will+}
MPRegen 0.18/turn

%: reflection
@: blade hands, sleeping, slowed
A: breathe steam, AC +8, unfitting armour, cold-blooded, steam resistance
a: Breathe Steam, End Transformation, Renounce Religion, Wall Jump, Serpent's
Lash, Heavenly Storm


You were on level 5 of the Lair of Beasts.
You worshipped Wu Jian.
Wu Jian was exalted by your worship.
You had blades for hands.
You visited 4 branches of the dungeon, and saw 22 of its levels.

You collected 1994 gold pieces.
You spent 1326 gold pieces at shops.

Inventory:

Missiles
 h - 3 throwing nets
Armour
 f - a +0 pair of gloves (melded)
 z - a +1 pair of boots (worn)
 L - a +0 hat (worn)
 Q - a +1 cloak (worn)
Jewellery
 e - a ring of protection from cold
 l - a ring of wizardry
 v - a +5 ring of evasion (left blade hand)
 y - the ring of the Queen (right blade hand) {rPois rF+ Will+}
   (You bought it in a shop on level 3 of the Dungeon)

   [ring of willpower]

   rF:        It protects you from fire.
   rPois:     It protects you from poison.
   Will:      It increases your willpower.
 P - the amulet "Desareiv" (around neck) {Reflect Regen+ SH+5}
   (You found it on level 10 of the Dungeon)

   [amulet of reflection]

   It reflects blocked missile attacks.
   Regen:     It increases your rate of health regeneration.
   SH:        It affects your SH (+5).
 S - a ring of willpower
 U - a ring of see invisible
Wands
 q - a wand of digging (14)
 r - a wand of polymorph (17)
 t - a wand of roots (25)
 w - a wand of charming (34)
 x - a wand of flame (23) (quivered)
 V - a wand of acid (5)
Scrolls
 c - 2 scrolls of summoning
 d - 5 scrolls of teleportation
 i - 3 scrolls of enchant armour {unknown}
 j - 3 scrolls of poison {unknown}
 m - 3 scrolls of identify
 s - 3 scrolls of fog
 u - 3 scrolls of vulnerability
 A - 2 scrolls of torment {unknown}
 C - 3 scrolls of fear {unknown}
 D - 4 scrolls of enchant weapon {unknown}
 H - 3 scrolls of immolation
 I - a scroll of silence
 J - 4 scrolls of blinking
 N - 2 scrolls of magic mapping
Potions
 a - 4 potions of lignification
 b - a potion of magic
 g - 2 potions of brilliance
 k - 11 potions of curing
 n - 2 potions of attraction
 o - 3 potions of flight
 p - 3 potions of heal wounds
 B - 2 potions of berserk rage
 E - 3 potions of might
 F - 3 potions of invisibility
 K - 3 potions of haste
 M - a potion of ambrosia
 R - a potion of cancellation
 T - a potion of mutation {unknown}
Miscellaneous
 G - a box of beasts
 O - a phial of floods


   Skills:
 + Level 16.6 Fighting
 + Level 13.4 Dodging
 - Level 5.7 Stealth
 - Level 7.0 Unarmed Combat
 - Level 6.3 Spellcasting
 - Level 10.0 Transmutations
 - Level 6.4 Air Magic
 - Level 7.1 Evocations


You had 4 spell levels left.
You knew the following spells:

 Your Spells              Type           Power      Damage    Failure   Level
a - Beastly Appendage     Tmut           78%        N/A       9%          1
b - Wereblood             Tmut           39%        N/A       10%         2
c - Spider Form           Tmut/Pois      22%        N/A       32%         3
d - Blade Hands           Tmut           19%        N/A       34%         5
e - Ice Form              Ice/Tmut       22%        N/A       56%         4
f - Vhi's Electric Charg  Tloc/Air       32%        N/A       45%         3
g - Swiftness             Air            27%        N/A       24%         3

Your spell library contained the following spells:

 Spells                   Type           Power      Damage    Failure   Level
 Passwall                 Tmut/Erth      18%        N/A       22%         2
 Static Discharge         Conj/Air       32%        2-4/arc   32%         2
 Cigotuvi's Dreadful Rot  Necr/Pois/Air  24%        N/A       41%         2
 Airstrike                Air            13%        2d(2-18)  43%         4
 Ignite Poison            Fire/Tmut/Pois 16%        N/A       45%         3
 Foxfire                  Conj/Fire      20%        2x1d5     50%         1
 Kiss of Death            Conj/Necr      20%        2d7       50%         1
 Sandblast                Erth           10%        2d5       50%         1
 Blink                    Tloc           10%        N/A       61%         2
 Ensorcelled Hibernation  Hex/Ice        10%        N/A       61%         2
 Lesser Beckoning         Tloc           10%        N/A       61%         2
 Momentum Strike          Conj/Tloc      10%        3d8       61%         2
 Summon Lightning Spire   Summ/Air       16%        N/A       75%         4
 Confusing Touch          Hex            5%         N/A       78%         3
 Dazzling Flash           Conj/Hex       10%        N/A       78%         3
 Gell's Gravitas          Tloc           5%         N/A       78%         3
 Ozocubu's Armour         Ice            5%         N/A       78%         3
 Portal Projectile        Hex/Tloc       10%        N/A       78%         3
 Stone Arrow              Conj/Erth      10%        3d7       78%         3
 Teleport Other           Tloc           5%         N/A       78%         3
 Tukima's Dance           Hex            5%         N/A       78%         3
 Dispel Undead            Necr           5%         3d7       97%         4
 Passage of Golubria      Tloc           5%         N/A       97%         4
 Arcjolt                  Conj/Air       8%         1d18      95%         5
 Silence                  Hex/Air        8%         N/A       95%         5
 Freezing Cloud           Conj/Ice/Air   6%         6-21      98%         5
 Agony                    Necr           5%         N/A       100%        5
 Fireball                 Conj/Fire      2%         3d4       100%        5
 Metabolic Englaciation   Hex/Ice        2%         N/A       100%        5
 Dispersal                Tloc           2%         N/A       100%        6
 Iron Shot                Conj/Erth      2%         9d2       100%        6
 Plasma Beam              Fire/Air       8%         2x1d20    100%        6
 Simulacrum               Ice/Necr       2%         N/A       100%        6
 Starburst                Conj/Fire      2%         6d3       100%        6
 Lehudib's Crystal Spear  Conj/Erth      2%         10d2      100%        8
 Animate Armour           Summ/Erth      Unusable   N/A       N/A         4

Dungeon Overview and Level Annotations

Branches:
Dungeon (15/15)            Temple (1/1) D:7            Lair (3/5) D:10
  Swamp (0/4) Lair:2       Spider (0/4) Lair:3          Orc (2/2) D:11
    Elf (0/3) Orc:2        Vaults (0/5) D:13         Depths (0/4) D:15

Altars:
Ashenzari
Cheibriados
Dithmenos
Elyvilon
Fedhas
Gozag
Hepliaklqana
Kikubaaqudgha
Makhleb
Nemelex Xobeh
Okawaru
Qazlal
Ru
Sif Muna
Trog
Uskayaw
Vehumet
Wu Jian
Xom
Yredelemnul
Zin
The Shining One

Shops:
D:3 *   D:11 :   Orc:2 [=(!

Annotations:
Lair:2 exclusion: 2 oklob plants


Innate Abilities, Weirdness & Mutations

You have blades for hands.
Your spellcasting is less reliable in this form.
You are incapable of wielding weapons or throwing items.
You can breathe blasts of scalding, opaque steam.
Your pale cyan-grey scales are hard. (AC +8)
You cannot fit into any form of body armour.
You are cold-blooded and may be slowed by cold attacks.
You are immune to the effects of steam.


Message History

Unknown command.
You shred the wyvern!!!
You kill the wyvern!
The Council accepts your kill. The yak barely misses you.
The dream sheep ruffle their wool and motes of dream dust sparkle, to no effect.
Unknown command.
You slash the yak!
You kill the yak!
The Council accepts your kill.
Your hands revert to their normal proportions.
Your +0 pair of gloves unmelds from your body.
The yak gores you but does no damage.
Unknown command.
Casting: Blade Hands (dangerous; 5% risk of failure)
Confirm with . or Enter, or press ? or * to list all spells.
Your hands turn into razor-sharp scythe blades.
Your +0 pair of gloves melds into your body.
The dream sheep ruffle their wool and motes of dream dust sparkle, to no effect.
The yak gores you!
* * * LOW HITPOINT WARNING * * *
The yak closely misses you.
A torpor snail comes into view.
Being near the torpor snail leaves you feeling lethargic.
Unknown command.
Unknown command.
You slice the yak!!
The yak is severely wounded.
The yak gores you.
* * * LOW HITPOINT WARNING * * *
You block the yak's attack.
Unknown command.
You slash the yak!
You kill the yak!
The Council accepts your kill. You block the yak's attack.
The dream sheep shake their wool and sparkle.
You feel drowsy...
You fall asleep.
The manticore bites you!!!
You die...

. ### .. ####@##
... #P.Y#H##....
###YY....#...
##.Y.........#
#...........#
...w.[........#
P[...............
)................
.................


You could see a torpor snail, a manticore, a yak and 3 dream sheep.

Vanquished Creatures
  Gastronok (Lair:3)
  Kirke (D:15)
  Snorg (Lair:5)
  A fire dragon (D:15)
  A rakshasa (D:14)
  Fannar (D:12)
  3 vault guards (D:13)
  5 hydras
  An ice dragon (D:15)
  Erolcha (D:10)
  4 centaur warriors
  2 catoblepae
  3 boulder beetles
  An ogre mage (D:15)
  4 two-headed ogres
  2 tengu warriors
  A skyshark (Lair:1)
  A glowing orange brain (D:15)
  3 wizards (D:13)
  The ghost of LynnLen the Covert, a novice SpEn of Nemelex Xobeh (Lair:1)
  A necromancer (D:13)
  A deep elf pyromancer (D:12)
  2 orc knights
  10 orc sorcerers (Orc:2)
  A wolf spider (Lair:3)
  15 ugly things
  A manticore (D:15)
  5 cyclopes
  5 elephants
  2 black mambas
  A gargoyle (D:11)
  7 cane toads
  A water nymph (shapeshifter) (D:14)
  A torpor snail (Lair:1)
  A kobold demonologist (D:12)
  A freezing wraith (D:15)
  An unseen horror (D:11)
  2 rime drakes
  2 efreet (D:14)
  5 komodo dragons
  2 yaktaurs
  The ghost of Fractals the Sneak, an amateur NaEn (D:3)
  2 trolls
  2 polar bears (Lair:1)
  7 blink frogs
  4 slime creatures (D:15)
  A shadow (D:11)
  2 jumping spiders (Lair:3)
  16 humans (D:13)
  A wyvern (Lair:5)
  35 yaks
  A water elemental (D:15)
  2 steam dragons
  Grum (D:10)
  2 wraiths
  A hog (D:15)
  2 basilisks
  9 vampire mosquitoes
  A redback (Lair:3)
  Menkaure (D:5)
  4 wargs
  An acid dragon (D:10)
  2 water moccasins
  4 black bears
  3 ice beasts
  13 orc warriors
  A sky beast (D:7)
  6 wolves
  3 ogres
  A phantom (D:7)
  17 centaurs
  5 kobold brigands
  9 bullfrogs
  3 jellies
  A gnoll sergeant (D:9)
  6 scorpions
  5 wights (D:10)
  9 killer bees
  2 electric eels
  9 howler monkeys
  11 orc priests
  4 hounds
  Jessica (D:3)
  2 gnoll boudas
  43 orc wizards
  17 gnolls
  10 adders
  A white imp (D:7)
  An ufetubus (D:6)
  3 worms
  3 dart slugs
  70 orcs
  7 bats
  4 endoplasms
  7 giant cockroaches
  5 goblins
  6 hobgoblins
  3 jackals (D:4)
  18 kobolds
  2 quokkas
  6 ball pythons
  2 frilled lizards
  14 rats
540 creatures vanquished.

Vanquished Creatures (collateral kills)
  A two-headed ogre (D:15)
1 creature vanquished.

Vanquished Creatures (others)
  A two-headed ogre (D:15)
  2 humans (D:15)
  2 orcs (Orc:2)
  A kobold (D:12)
6 creatures vanquished.

Grand Total: 547 creatures vanquished

Notes
Turn   | Place    | Note
-------+----------+-------------------------------------------
     0 | D:1      | cdecastro the Draconian Transmuter began the quest for the
                  | Orb.
     0 | D:1      | Reached XP level 1. HP: 16/16 MP: 3/3
   373 | D:1      | Reached XP level 2. HP: 21/24 MP: 3/5
   380 | D:1      | Learned a level 2 spell: Wereblood
   457 | D:1      | Reached skill level 2 in Fighting
   910 | D:1      | Reached XP level 3. HP: 30/30 MP: 4/6
  1512 | D:2      | Reached skill level 3 in Fighting
  1550 | D:2      | Reached XP level 4. HP: 26/38 MP: 7/7
  1554 | D:2      | Learned a level 3 spell: Spider Form
  1987 | D:3      | Found Ocol's General Store.
  1993 | D:3      | Bought a potion of attraction for 42 gold pieces
  1993 | D:3      | Bought a potion of flight for 42 gold pieces
  1993 | D:3      | Noticed Jessica
  2077 | D:3      | Noticed a scorpion
  2167 | D:3      | Found a runed translucent gate.
  2168 | D:3      | Found a runed translucent gate.
  2169 | D:3      | Found a runed translucent gate.
  2171 | D:3      | Noticed Fractals's ghost (amateur NaEn)
  2335 | D:3      | Killed a scorpion
  2336 | D:3      | Reached XP level 5. HP: 46/46 MP: 4/8
  2487 | D:3      | Found a glowing silver altar of Zin.
  2642 | D:3      | Found an ornate altar of the Wu Jian Council.
  2949 | D:3      | Reached skill level 4 in Fighting
  2978 | D:3      | Killed Jessica
  3190 | D:3      | Became a worshipper of the Wu Jian Council
  3426 | D:4      | Noticed an ogre
  3598 | D:4      | Killed an ogre
  3599 | D:4      | Reached XP level 6. HP: 34/53 MP: 5/9
  3824 | D:4      | Found a snail-covered altar of Cheibriados.
  3978 | D:5      | Entered Level 5 of the Dungeon
  4049 | D:5      | Reached skill level 5 in Fighting
  4068 | D:5      | Reached skill level 5 in Transmutations
  4248 | D:5      | Noticed Menkaure
  4272 | D:5      | Killed Menkaure
  4273 | D:5      | Your scales start taking on a pale cyan-grey colour.
  4273 | D:5      | Reached XP level 7. HP: 42/62 MP: 10/10
  4273 | D:5      | Gained mutation: You are immune to the effects of steam.
                  | [Pale Draconian growth]
  4484 | D:5      | Reached skill level 6 in Fighting
  5315 | D:6      | Reached skill level 7 in Fighting
  5408 | D:6      | Reached XP level 8. HP: 73/73 MP: 11/11
  5700 | D:6      | Learned a level 5 spell: Blade Hands
  6176 | D:7      | Reached * piety under Wu Jian
  6177 | D:7      | Reached skill level 8 in Fighting
  6428 | D:7      | Identified the +0 sling of Yciaz {drain, Dex+3}
  6534 | D:7      | Found a staircase to the Ecumenical Temple.
  6648 | D:7      | Reached skill level 9 in Fighting
  6694 | D:7      | Found a shimmering blue altar of Sif Muna.
  6787 | D:7      | Reached XP level 9. HP: 69/83 MP: 6/12
  6906 | Temple   | Entered the Ecumenical Temple
  7686 | D:8      | Reached skill level 5 in Dodging
  7686 | D:8      | Reached skill level 10 in Transmutations
  8598 | D:9      | Reached XP level 10. HP: 87/90 MP: 7/15
  8605 | D:9      | Reached ** piety under Wu Jian
  8972 | D:9      | Learned a level 4 spell: Ice Form
  8976 | D:9      | Learned a level 3 spell: Vhi's Electric Charge
  9205 | D:9      | Found a basalt altar of Yredelemnul.
  9206 | D:9      | Found a sacrificial altar of Ru.
  9263 | D:9      | Found an opulent altar of Gozag.
  9270 | D:9      | Reached skill level 5 in Spellcasting
  9437 | D:10     | Entered Level 10 of the Dungeon
 10062 | D:10     | Identified the amulet "Desareiv" {Reflect Regen+ SH+5}
 10142 | D:10     | Noticed Grum
 10155 | D:10     | Killed Grum
 10202 | D:10     | Noticed a two-headed ogre
 10207 | D:10     | Killed a two-headed ogre
 10339 | D:10     | Noticed Erolcha
 10392 | D:11     | Noticed a boulder beetle
 10428 | D:10     | Killed a boulder beetle
 10429 | D:10     | Reached XP level 11. HP: 80/97 MP: 18/20
 10483 | D:11     | Reached *** piety under Wu Jian
 10550 | D:11     | Found a staircase to the Orcish Mines.
 10641 | D:11     | Found Sisihal's Book Shoppe.
 11203 | D:11     | Reached skill level 5 in Unarmed Combat
 11505 | D:11     | Noticed a two-headed ogre
 11513 | D:11     | Killed a two-headed ogre
 11679 | D:12     | Noticed Fannar
 11818 | D:12     | Reached skill level 1 in Stealth
 11836 | D:12     | Reached **** piety under Wu Jian
 11956 | D:12     | Noticed a two-headed ogre
 11988 | D:12     | Killed a two-headed ogre
 12132 | D:12     | Noticed a deep elf pyromancer
 12140 | D:12     | Killed a deep elf pyromancer
 12141 | D:12     | Reached skill level 1 in Evocations
 12200 | D:12     | Killed Fannar
 12598 | D:13     | Noticed a centaur warrior
 12610 | D:13     | Killed a centaur warrior
 12611 | D:13     | Reached skill level 5 in Stealth
 12684 | D:13     | Noticed a boulder beetle
 12702 | D:13     | Killed a boulder beetle
 12703 | D:13     | Reached XP level 12. HP: 65/104 MP: 14/21
 12859 | D:13     | Reached skill level 5 in Evocations
 13360 | D:14     | Reached skill level 10 in Fighting
 13702 | D:14     | Reached skill level 1 in Air Magic
 13761 | D:14     | Reached skill level 11 in Fighting
 13895 | D:14     | Noticed a tengu warrior
 13899 | D:14     | Killed a tengu warrior
 13964 | D:14     | Found a sacrificial altar of Ru.
 13980 | D:14     | Noticed a centaur warrior
 13990 | D:14     | Killed a centaur warrior
 14329 | D:14     | Noticed a centaur warrior
 14338 | D:14     | Killed a centaur warrior
 14557 | D:14     | Reached skill level 5 in Air Magic
 14588 | D:14     | Noticed a rakshasa
 14769 | D:14     | Killed a rakshasa
 14989 | D:15     | Entered Level 15 of the Dungeon
 14989 | D:15     | Noticed a boulder beetle
 14989 | D:15     | Noticed a five-headed hydra
 15002 | D:14     | Killed a boulder beetle
 15062 | D:15     | Noticed Kirke
 15396 | D:3      | Bought the ring of the Queen {rPois rF+ Will+} for 604 gold
                  | pieces
 15459 | D:3      | Killed Fractals's ghost
 15462 | D:3      | Reached ***** piety under Wu Jian
 15521 | D:3      | Bought a +0 hat for 56 gold pieces
 15531 | D:3      | Learned a level 3 spell: Swiftness
 15732 | Orc:1    | Entered Level 1 of the Orcish Mines
 15746 | D:11     | Reached skill level 12 in Fighting
 15794 | D:11     | Reached XP level 13. HP: 31/118 MP: 16/22
 16608 | Orc:2    | Entered Level 2 of the Orcish Mines
 16751 | Orc:2    | Found a staircase to the Elven Halls.
 16817 | Orc:2    | Found Avoankic's Armour Emporium.
 16866 | Orc:2    | Found Butiofet's Jewellery Shop.
 17311 | Orc:2    | Found Pesulaeq's Distillery.
 17311 | Orc:2    | Found Fiypnyiq's Antique Weapon Emporium.
 17314 | Orc:2    | Reached skill level 13 in Fighting
 17314 | Orc:2    | Reached skill level 10 in Dodging
 17908 | D:3      | Bought a potion of cancellation for 112 gold pieces
 18145 | Orc:2    | Bought a ring of willpower for 300 gold pieces
 18175 | Orc:2    | Bought 2 potions of heal wounds for 170 gold pieces
 18303 | D:10     | Killed Erolcha
 18384 | D:10     | Reached ****** piety under Wu Jian
 18537 | D:10     | Found a staircase to the Lair.
 19182 | D:15     | Killed Kirke
 19183 | D:15     | Reached skill level 14 in Fighting
 19461 | D:15     | Noticed a fire dragon
 19475 | D:15     | Killed a fire dragon
 19540 | D:15     | Found a staircase to the Depths.
 19754 | D:15     | Reached XP level 14. HP: 104/133 MP: 19/23
 20516 | D:13     | Found a gate to the Vaults.
 20684 | D:13     | Reached skill level 15 in Fighting
 20970 | Lair:1   | Entered Level 1 of the Lair of Beasts
 21127 | Lair:1   | Found an iron altar of Okawaru.
 21288 | Lair:1   | Noticed LynnLen's ghost (novice SpEn)
 21289 | Lair:1   | Found a runed translucent door.
 21463 | Lair:1   | Found a basalt altar of Yredelemnul.
 22137 | Lair:1   | Killed LynnLen's ghost
 22561 | Lair:2   | Reached skill level 16 in Fighting
 22695 | Lair:2   | Found a staircase to the Swamp.
 23121 | Lair:3   | Noticed Urug
 23123 | Lair:3   | Urug changed into Urug the cyclops
 23123 | Lair:3   | Noticed Urug
 23130 | Lair:3   | Killed Urug the cyclops
 23193 | Lair:3   | Noticed Nessos
 23194 | Lair:3   | Nessos changed into Nessos the elephant
 23194 | Lair:3   | Noticed Nessos
 23200 | Lair:3   | Killed Nessos the elephant
 23473 | Lair:3   | Noticed Gastronok
 23485 | Lair:3   | Killed Gastronok
 23641 | Lair:3   | Found a hole to the Spider Nest.
 24005 | Lair:3   | You fall into a shaft and drop 2 floors!
 24005 | Lair:5   | Entered Level 5 of the Lair of Beasts
 24006 | Lair:5   | Noticed Snorg
 24028 | Lair:5   | Killed Snorg
 24033 | Lair:5   | Slain by a manticore

Illustrated notes

Levels and vault maps discovered:
D:1:      elethiomel_arrival_fortress_basement, layout_basic,
          minmay_rat_gold_closets
D:2:      layout_basic, roderic_cross_of_infinity
D:3:      layout_basic, zin_statuary, overflow_temple_1_default, serial_shops,
          shop, gammafunk_ghost_split, uniq_jessica
D:4:      layout_basic, slow_altar_2
D:5:      layout_gridville, uniq_menkaure
D:6:      layout_cave_pools, hangedman_decor_opposing, nrook_uturn, minivault_22
D:7:      layout_loops_ring, nicolae_sif_muna_condensation,
          minmay_temple_entry_mini_moons
D:8:      layout_cave_pods, serial_column_ruins, column_ruins_hut,
          column_ruins_open_medium, column_ruins_corridor_corner,
          column_ruins_columns_dead_end, column_ruins_grid_3,
          column_ruins_grid_3
D:9:      layout_basic, lemuel_tele_altar, gammafunk_temple_overflow_pools,
          kennysheep_generic_room_13
D:10:     layout_small_grid, david_lair_shrubbed, serial_rivers,
          chequers_serial_rivers_large_a, chequers_serial_rivers_micro_a,
          chequers_serial_rivers_micro_e, chequers_serial_rivers_marsh,
          uniq_grum, uniq_erolcha
D:11:     layout_layer_cave, david_orc_3, serial_shops, shop
D:12:     layout_rooms, uniq_fannar
D:13:     layout_gridville, grunt_vaults_entry_tiered
D:14:     layout_stronghold, nicolae_ru_awakened_eye, grunt_decor_fettered
D:15:     grunt_enter_depths_hoard, layout_rooms, serial_bayou_ford_a,
          palyth_stone_intersect, chequers_serial_rivers_small_b,
          minmay_checkerbox, uniq_kirke
Temple:   hellmonk_temple_of_storms
Lair:1:   layout_regular_city, ebering_ghost_inner_flame, basic_altar,
          lemuel_centaur_altar, grunt_megastairs_2, serial_bayou_shore_b
Lair:2:   layout_chaotic_city, swamp_mist_pool, disabler_island
Lair:3:   layout_gridlike, spider_nest_entry_funnel_web, beast_lair_carwin_10,
          uniq_gastronok, uniq_urug, uniq_nessos
Lair:5:   gammafunk_lair_ancient_temple, layout_cave_pods,
          chequers_serial_rivers_small_3, uniq_snorg
Orc:1:    layout_caves, mines_bat_river
Orc:2:    st_orc_town, layout_caves, nicolae_orc_flooded_monolith,
          nicolae_orc_lost_temple

Skill      XL: |  1  2  3  4  5  6  7  8  9 10 11 12 13 14 |
---------------+-------------------------------------------+-----
Fighting       | 2 3 4 5 7 9 12 14 16 | 16.6
Transmutations | 3 4 5 6 8 10 | 10.0
Dodging        | 2 5 8 9 11 13 | 13.4
Spellcasting   | 3 6 |  6.3
Unarmed Combat | 4 7 |  7.0
Stealth        | 5 |  5.7
Evocations     | 4 7 |  7.1
Air Magic      | 5 6 |  6.4

Action                     |  1- 3 |  4- 6 |  7- 9 | 10-12 | 13-15 || total
---------------------------+-------+-------+-------+-------+-------++-------
  Melee: Unarmed           |   128 |   113 |   248 |   514 |   744 ||  1747
         Kick              |    21 |    10 |    16 |       |       ||    47
         Tailslap          |     7 |     5 |    35 |    76 |   106 ||   229
         Headbutt          |    12 |     9 |     9 |       |       ||    30
         Punch             |     2 |       |     4 |    21 |    32 ||    59
   Cast: Beastly Appendage |    30 |    20 |    11 |       |       ||    61
         Wereblood         |     1 |       |    10 |     6 |     1 ||    18
         Spider Form       |       |     7 |     6 |       |       ||    13
         Blade Hands       |       |       |    22 |    58 |    77 ||   157
         Ice Form          |       |       |       |     2 |     6 ||     8
         Vhi's Electric Ch |       |       |       |     7 |     8 ||    15
         Swiftness         |       |       |       |       |     1 ||     1
 Invoke: Serpent's Lash    |       |       |       |     1 |     1 ||     2
Ability: Lunge             |       |     2 |    12 |    20 |    55 ||    89
         Breathe Steam     |       |       |     6 |     9 |     3 ||    18
         Whirlwind         |       |       |       |    34 |   119 ||   153
         Wall Jump         |       |       |       |     2 |    30 ||    32
  Evoke: Wand              |       |     1 |       |       |    12 ||    13
    Use: Potion            |       |     1 |       |     3 |     3 ||     7
         Scroll            |       |       |       |    20 |     3 ||    23
   Stab: Sleeping          |     2 |     1 |       |     1 |     2 ||     6
         Distracted        |       |       |       |       |     2 ||     2
 Armour: Skin              |    35 |    25 |    55 |   138 |   214 ||   467
  Dodge: Dodged            |    65 |    65 |   144 |   306 |   463 ||  1043
  Block: Other             |       |       |    28 |    97 |   141 ||   266
         Reflection        |       |       |     2 |     8 |     4 ||    14
